[Event "Team 45 45 League T50"]
[Site "Internet Chess Club"]
[Date "2011.09.04"]
[Round "4"]
[White "chrisgianno"]
[Black "hi12980"]
[Result "1-0"]
[WhiteElo "1573"]
[BlackElo "1355"]
[Opening "Grünfeld: modern exchange variation"]
[ECO "D85"]
[Time "15:00:51"]
[TimeControl "2700+45"]

1. d4 Nf6 2. c4 g6 3. Nc3 d5 4. cxd5 Nxd5 5. e4 Nxc3 6. bxc3 Bg7 7. Nf3 c5 8.
Bc4 Nc6 9. Ng5 O-O 10. O-O cxd4 11. Ba3 h6 12. f4 hxg5 13. fxg5 Kh8 14. Qe1 e6
15. Qh4+ Kg8 16. Rf3 f6 17. Bxf8 Qxf8 18. gxf6 Ne5 19. f7+ Nxf7 20. Rh3 Nh6 21.
Rf1 Qe8 22. g4 b5 23. Bb3 dxc3 24. g5 Nf7 25. Qh7+ Kf8 26. Qxg6 Bd4+ 27. Kg2 Ke7
28. Rh7 Kd6 29. Rhxf7 Bd7 30. e5+ Bxe5 31. Rd1+ Kc7 32. Rfxd7+ Qxd7 33. Rxd7+
Kxd7 34. Qxe6+ Kd8 35. Qg8+ {Black resigns} 1-0

[Event "Team 45 45 League T50"]
[Site "Internet Chess Club"]
[Date "2011.09.03"]
[Round "4"]
[White "werty"]
[Black "werdnac"]
[Result "1/2-1/2"]
[WhiteElo "1527"]
[BlackElo "1319"]
[Opening "King's Indian: Torre attack"]
[ECO "A48"]
[Time "13:31:12"]
[TimeControl "2700+45"]

1. d4 Nf6 2. Nf3 g6 3. Bg5 Bg7 4. c3 d5 5. e3 O-O 6. Bd3 Nc6 7. O-O Re8 8. Re1
e5 9. dxe5 Rxe5 10. Nxe5 Nxe5 11. Bc2 h6 12. Bh4 Be6 13. Nd2 Qd6 14. Nf3 Bg4 15.
Bg3 Nh5 16. h3 Bxf3 17. gxf3 Nxg3 18. fxg3 Qf6 19. f4 Nc6 20. Qxd5 Rd8 21. Qf3
Ne5 22. Qe2 Nc6 23. Rad1 Rxd1 24. Rxd1 Qe6 25. Kg2 Qxa2 26. Bb1 Qb3 27. Rd2 a5
28. Qd1 Qb6 29. Kf2 Qa6 30. Rd7 Qb6 31. Ba2 Qxb2+ 32. Qd2 Qb6 33. Bxf7+ Kh7 34.
Qd3 Nb8 35. Rd8 Na6 36. Bg8+ Kh8 37. Bc4+ Kh7 38. Bg8+ Kh8 39. Bc4+ Kh7 40. Bxa6
bxa6 41. Ra8 Qb2+ 42. Kf3 Qb7+ 43. Qe4 Qxe4+ 44. Kxe4 Bxc3 45. Rxa6 c5 46. Kd5
Bb4 47. e4 Kg7 48. e5 Kf7 49. e6+ Ke7 50. Ra7+ Ke8 51. g4 g5 52. f5 Bd2 53. Kxc5
Be3+ 54. Kb5 Bxa7 55. Kxa5 Ke7 56. Kb5 Bd4 57. Kc6 Bf6 58. Kc7 Be5+ 59. Kc6 Bb2
60. Kc7 Bf6 61. Kc6 {Game drawn by mutual agreement} 1/2-1/2

[Event "Team 45 45 League T50"]
[Site "Internet Chess Club"]
[Date "2011.08.31"]
[Round "4"]
[White "rom1"]
[Black "Heian"]
[Result "1/2-1/2"]
[WhiteElo "1616"]
[BlackElo "1663"]
[Opening "QGD: semi-Slav"]
[ECO "D31"]
[Time "16:00:26"]
[TimeControl "2700+45"]

1. d4 d5 2. c4 e6 3. Nc3 c6 4. cxd5 exd5 5. Nf3 Nf6 6. Bg5 Nbd7 7. e3 Be7 8. Bd3
O-O 9. O-O h6 10. Bh4 Ne8 11. Bg3 Bd6 12. Ne5 Qe7 13. Nxd7 Qxd7 14. Qf3 Bxg3 15.
Qxg3 f5 16. Ne2 Nf6 17. Nf4 Qf7 18. f3 Nh5 19. Nxh5 Qxh5 20. Qd6 Qe8 21. Rae1
Rf6 22. Qb4 Qf8 23. Qxf8+ Rxf8 24. e4 fxe4 25. fxe4 Rxf1+ 26. Bxf1 dxe4 27. Rxe4
Kf8 28. Bc4 b5 29. Bb3 a5 30. a3 Ra7 31. Rf4+ Ke8 32. Re4+ Re7 33. Rxe7+ Kxe7
34. Kf2 Be6 35. Bxe6 Kxe6 36. Ke3 Kd5 37. b3 g6 38. g4 h5 39. gxh5 gxh5 40. h4
c5 41. dxc5 Kxc5 42. Ke4 Kd6 43. b4 axb4 44. axb4 Ke6 45. Kf4 Kf6 46. Ke4 Ke6
47. Kf4 Kf6 48. Ke4 Ke6 49. Kd4 Kd6 50. Ke4 Ke6 51. Kf4 Kf6 52. Ke4 Ke6 53. Kf4
Kf6 54. Ke4 Ke6 {Game drawn by repetition} 1/2-1/2

[Event "Team 45 45 League T50"]
[Site "Internet Chess Club"]
[Date "2011.09.04"]
[Round "4"]
[White "Invicta-Knight"]
[Black "Zyme"]
[Result "1-0"]
[WhiteElo "1435"]
[BlackElo "1359"]
[Opening "French: advance, Milner-Barry gambit"]
[ECO "C02"]
[Time "07:04:07"]
[TimeControl "2700+45"]

1. e4 e6 2. d4 d5 3. e5 c5 4. c3 Nc6 5. Nf3 Qb6 6. Bd3 cxd4 7. cxd4 Bd7 8. Qe2
Nxd4 9. Nxd4 Qxd4 10. a3 Ne7 11. Nc3 a6 12. f4 Qb6 13. Be3 Qd8 14. O-O Rc8 15.
Rac1 Ng6 16. Bd4 Bc5 17. Bxc5 Rxc5 18. Bxg6 hxg6 19. Ne4 Rxc1 20. Nd6+ Ke7 21.
Rxc1 Qb6+ 22. Kh1 f6 23. Qc2 Qe3 24. Qc5 Qxc5 25. Rxc5 Bc6 26. b4 g5 27. Nxb7
Rc8 28. Na5 Bd7 29. Rxc8 Bxc8 30. g3 Kd7 31. Kg2 Kc7 32. Nb3 Kb6 33. Nd4 Bd7 34.
Kf3 f5 35. h3 Kc7 36. fxg5 Kd8 37. h4 Ke7 38. Kf4 Be8 39. g4 fxg4 40. Kxg4 Kf7
41. h5 Ba4 42. g6+ Ke7 43. Kg5 Bd1 44. h6 gxh6+ 45. Kxh6 Bg4 46. Kh7 Bf5 47.
Nxf5+ exf5 48. g7 Ke6 49. g8=Q+ Kxe5 50. Qg3+ f4 51. Qe1+ Kf5 52. Qf2 Ke5 53.
Qe2+ Kd4 54. a4 Kc3 55. b5 axb5 56. axb5 d4 57. b6 d3 58. Qf3 Kc2 59. Qxf4 d2
60. Qxd2+ Kxd2 61. b7 {Black resigns} 1-0

[Event "Team 45 45 League T50"]
[Site "Internet Chess Club"]
[Date "2011.09.01"]
[Round "4"]
[White "smsxman"]
[Black "BrerRabbit"]
[Result "1-0"]
[WhiteElo "1447"]
[BlackElo "1500"]
[Opening "Pirc: Byrne variation"]
[ECO "B07"]
[Time "10:48:03"]
[TimeControl "2700+45"]

1. e4 d6 2. d4 Nf6 3. Nc3 g6 4. Bg5 Bg7 5. Nf3 a6 6. e5 dxe5 7. dxe5 Ng4 8.
Qxd8+ Kxd8 9. O-O-O+ Bd7 10. Bh4 Nxe5 11. Nd5 Nbc6 12. h3 Re8 13. Be2 Kc8 14.
Rhe1 f6 15. Bg3 b6 16. Nxe5 Nxe5 17. f4 Nf7 18. Bc4 Nd6 19. Nxe7+ Kb7 20. Bd5+
c6 21. Bf3 Kc7 22. f5 Bf8 23. Bxd6+ Kb7 24. fxg6 {Black resigns} 1-0

[Event "Team 45 45 League T50"]
[Site "Internet Chess Club"]
[Date "2011.09.09"]
[Round "4"]
[White "kidviper"]
[Black "Tamarin"]
[Result "1-0"]
[WhiteElo "1949"]
[BlackElo "1897"]
[Opening "QGD Slav: 3.Nf3"]
[ECO "D11"]
[Time "19:26:37"]
[TimeControl "2700+45"]

1. d4 d5 2. c4 c6 3. Nf3 Nf6 4. Bf4 e6 5. e3 Nbd7 6. Nbd2 Qa5 7. Bd3 dxc4 8.
Bxc4 b5 9. Be2 Bb7 10. O-O Be7 11. a4 bxa4 12. Rxa4 Qb6 13. Nc4 Qd8 14. Qa1 a6
15. Na5 Qb6 16. Nxb7 Qxb7 17. Bxa6 Qb3 18. Bb5 Rxa4 19. Bxa4 Qb7 20. Rc1 O-O 21.
Bxc6 Qb6 22. Bxd7 Nxd7 23. Rc7 Rd8 24. Ra7 Bd6 25. Ra6 Qb3 26. Rxd6 Qc2 27. h3
{Black resigns} 1-0

[Event "Team 45 45 League T50"]
[Site "Internet Chess Club"]
[Date "2011.09.06"]
[Round "4"]
[White "badmove"]
[Black "RD1974"]
[Result "0-1"]
[WhiteElo "1757"]
[BlackElo "1741"]
[Opening "Dutch defense"]
[ECO "A90"]
[Time "16:03:10"]
[TimeControl "2700+45"]

1. d4 e6 2. c4 f5 3. g3 Nf6 4. Bg2 c6 5. Nh3 d5 6. O-O Bd6 7. Bf4 O-O 8. Nd2 Qe7
9. Rc1 Nbd7 10. Nf3 Ng4 11. cxd5 exd5 12. Bxd6 Qxd6 13. Nf4 Ngf6 14. Nd3 Ne4 15.
e3 b6 16. Re1 Ba6 17. Nde5 Nxe5 18. Nxe5 Bb7 19. Qc2 Rac8 20. f3 Ng5 21. f4 Ne4
22. Bxe4 fxe4 23. Re2 c5 24. Qa4 a6 25. Qb3 cxd4 26. Rxc8 Rxc8 27. exd4 b5 28.
Rxe4 Kf8 29. Re2 Rc1+ 30. Kf2 Rh1 31. Kg2 Rc1 32. Qe3 Rc7 33. Nc4 dxc4+ 34. Kg1
Re7 35. Qf2 Rxe2 36. Qxe2 Qxd4+ {White resigns} 0-1

[Event "Team 45 45 League T50"]
[Site "Internet Chess Club"]
[Date "2011.09.03"]
[Round "4"]
[White "zepled37"]
[Black "Ivio"]
[Result "1/2-1/2"]
[WhiteElo "1656"]
[BlackElo "1715"]
[Opening "French: Chigorin variation"]
[ECO "C00"]
[Time "10:12:31"]
[TimeControl "2700+45"]

1. e4 e6 2. Qe2 c6 3. b3 d5 4. e5 c5 5. f4 Nc6 6. c3 Nh6 7. Nf3 a6 8. g3 Nf5 9.
Bb2 b5 10. Na3 d4 11. Nc2 Bb7 12. Qf2 Be7 13. Rd1 d3 14. Ne3 Nxe3 15. dxe3 c4
16. Bg2 Qa5 17. Ba1 O-O 18. O-O Qb6 19. Nd2 Na5 20. b4 Bxg2 21. bxa5 Qxa5 22.
Kxg2 Qxa2 23. Ne4 Qa5 24. Rd2 Qb6 25. h4 Rfd8 26. h5 h6 27. g4 Qc6 28. Qf3 Rac8
29. g5 Kh7 30. Kh2 Qd5 31. Rg1 hxg5 32. Nxg5+ Bxg5 33. Qxd5 Bxf4+ 34. exf4 Rxd5
35. Bb2 f6 36. exf6 Rxh5+ 37. Kg3 gxf6 38. Kf3 f5 39. Rdg2 Rh3+ 40. Kf2 Rd8 41.
Ke1 Rh4 42. Kd2 Rg4 43. Rxg4 fxg4 44. Rxg4 Rg8 45. Rh4+ Kg6 46. Rg4+ Kf7 47. Rh4
Rg2+ 48. Kc1 Rc2+ 49. Kb1 Rg2 50. Kc1 Kf6 51. Rh8 Rg1+ 52. Kd2 Rb1 53. Bc1 b4
54. cxb4 Rxb4 55. Kc3 Ra4 56. Rc8 Kf5 57. Rxc4 Rxc4+ 58. Kxc4 Ke4 59. Bd2 e5
{Game drawn by mutual agreement} 1/2-1/2

[Event "Team 45 45 League T50"]
[Site "Internet Chess Club"]
[Date "2011.09.03"]
[Round "4"]
[White "Chess2Play"]
[Black "bmw2002"]
[Result "0-1"]
[WhiteElo "1574"]
[BlackElo "1581"]
[Opening "King's Indian defense, 3.Nc3"]
[ECO "E61"]
[Time "22:02:51"]
[TimeControl "2700+45"]

1. d4 Nf6 2. c4 g6 3. Nc3 Bg7 4. Bg5 O-O 5. e3 b6 6. Nf3 Bb7 7. Be2 d5 8. Bxf6
Bxf6 9. cxd5 Bxd5 10. Nxd5 Qxd5 11. O-O Nd7 12. Nd2 Rac8 13. Bc4 Qd6 14. Rc1 c5
15. Ne4 Qc6 16. Nxf6+ Qxf6 17. Bb5 Rfd8 18. Ba6 Rb8 19. Bb5 cxd4 20. Qxd4 Ne5
21. Qf4 Rd2 22. Qxf6 exf6 23. Rb1 Rbd8 24. h3 Nd3 25. Rfd1 Nxf2 26. Rxd2 Rxd2
27. a4 Ne4 28. Bc6 f5 29. Bxe4 fxe4 30. b4 Re2 31. Rb3 Ra2 32. a5 bxa5 33. bxa5
Rxa5 34. Rb4 Re5 35. Rb8+ Kg7 36. Ra8 a5 37. Ra6 h5 38. Kf1 h4 39. Kg1 Kh6 40.
Ra7 f5 41. Ra6 Kg5 42. Kf2 Rb5 43. Kf1 Kh6 44. Kf2 Kg7 45. Ra7+ Kh6 46. Ra6 Kh5
47. Ra8 Rb2+ 48. Kf1 Ra2 49. Rh8+ Kg5 50. Ra8 a4 51. Ra6 a3 52. Ra5 Kh5 53. Ra6
g5 54. Ra5 g4 55. Rxf5+ Kg6 56. Ra5 gxh3 57. gxh3 Rh2 58. Rxa3 Rxh3 59. Kg2 Rg3+
60. Kh2 Kf5 61. Ra5+ Kg4 62. Ra3 Kf3 63. Kh1 Kf2 64. Kh2 Rxe3 65. Rxe3 Kxe3 66.
Kh3 Kd2 67. Kxh4 e3 68. Kh3 e2 69. Kh2 e1=Q {White resigns} 0-1

[Event "Team 45 45 League T50"]
[Site "Internet Chess Club"]
[Date "2011.09.06"]
[Round "4"]
[White "GoIrish"]
[Black "krysto"]
[Result "0-1"]
[WhiteElo "1602"]
[BlackElo "1588"]
[Opening "Réti: King's Indian attack"]
[ECO "A05"]
[Time "21:01:20"]
[TimeControl "2700+45"]

1. Nf3 Nf6 2. g3 g6 3. Bg2 Bg7 4. O-O O-O 5. d3 d6 6. e4 e5 7. Nc3 Nbd7 8. Nh4
h6 9. f4 exf4 10. gxf4 Nxe4 11. Nxe4 Qxh4 12. Rf3 Nf6 13. Rg3 Rb8 14. c3 Nh5 15.
Re3 Nxf4 16. Re2 Bg4 17. Bxf4 Bxe2 18. Bg3 Qxg3 19. Qxe2 Qe5 20. Re1 Rfe8 21.
Qf2 d5 22. d4 Qe7 {White resigns} 0-1

[Event "Team 45 45 League T50"]
[Site "Internet Chess Club"]
[Date "2011.09.03"]
[Round "4"]
[White "milesotoole"]
[Black "alara"]
[Result "1-0"]
[WhiteElo "1557"]
[BlackElo "1387"]
[Opening "Bird's opening"]
[ECO "A03"]
[Time "10:37:03"]
[TimeControl "2700+45"]

1. f4 d5 2. b3 Nf6 3. Bb2 Nc6 4. Nf3 Bf5 5. g3 e6 6. Bg2 Bc5 7. e3 Qe7 8. Nc3
O-O-O 9. Ne2 h5 10. O-O Rdg8 11. a3 Ne4 12. b4 Bd6 13. b5 Nb8 14. Bd4 b6 15. a4
Rh7 16. a5 g5 17. axb6 axb6 18. d3 Nf6 19. Ra7 gxf4 20. exf4 h4 21. Qa1 hxg3 22.
Bxf6 gxh2+ 23. Kh1 Qf8 24. Ra8 Kd7 25. Ne5+ Bxe5 26. fxe5 Rxg2 27. Kxg2 Bh3+ 28.
Kh1 Bxf1 29. Qxf1 Qg8 30. Nd4 {Black resigns} 1-0

[Event "Team 45 45 League T50"]
[Site "Internet Chess Club"]
[Date "2011.09.01"]
[Round "4"]
[White "hidemitsu"]
[Black "Zumbi"]
[Result "1-0"]
[WhiteElo "2258"]
[BlackElo "2196"]
[Opening "Queen's pawn: London system"]
[ECO "A45"]
[Time "20:30:51"]
[TimeControl "2700+45"]

1. d4 Nf6 2. Bf4 d5 3. e3 e6 4. Nf3 c5 5. c3 Nc6 6. Nbd2 Bd6 7. Bg3 O-O 8. Bd3
Re8 9. Ne5 Bxe5 10. dxe5 Nd7 11. f4 c4 12. Bc2 Qb6 13. O-O Qxb2 14. Nf3 Qxc3 15.
Bxh7+ Kxh7 16. Ng5+ Kg6 17. Qg4 f5 18. Qh4 Nf8 19. Rf3 Qxa1+ 20. Be1 d4 21. Rh3
Qd1 22. Nf3 Kf7 23. Rg3 Re7 24. Qh5+ Kg8 25. Rh3 Bd7 26. Qh8+ Kf7 27. Ng5+
{Black resigns} 1-0

[Event "Team 45 45 League T50"]
[Site "Internet Chess Club"]
[Date "2011.09.04"]
[Round "4"]
[White "Tobiasdelmonte"]
[Black "Catweazle"]
[Result "0-1"]
[WhiteElo "1744"]
[BlackElo "1913"]
[Opening "Philidor's defense"]
[ECO "C41"]
[Time "15:01:50"]
[TimeControl "2700+45"]

1. e4 e5 2. Nf3 d6 3. Bc4 Be7 4. d4 exd4 5. O-O Nf6 6. Nxd4 O-O 7. Nc3 c6 8. Qe2
Re8 9. h3 b5 10. Bd3 Qc7 11. Bg5 Nbd7 12. Nf5 Bd8 13. Qd2 Nc5 14. Qf4 Ne6 15.
Qg3 Nxg5 16. Qxg5 g6 17. Qg3 b4 18. Nd1 Bxf5 19. exf5 d5 20. fxg6 hxg6 21. Qxc7
Bxc7 22. a3 a5 23. axb4 axb4 24. Rxa8 Rxa8 25. Re1 Kf8 26. g3 Nd7 27. Kf1 Nc5
28. Be2 Ra2 29. c4 bxc3 30. bxc3 Rc2 31. Bf3 Na4 32. Re3 Bb6 33. Rd3 Ba5 34. Ne3
Rxc3 35. Rd4 Rc1+ 36. Kg2 Nc3 37. Rd3 Ke7 38. h4 Ke6 39. g4 Bd8 40. h5 Bg5 41.
Kg3 Ke5 42. Bg2 Ne2+ 43. Kf3 Ng1+ 44. Kg3 Bf4+ {White resigns} 0-1

[Event "Team 45 45 League T50"]
[Site "Internet Chess Club"]
[Date "2011.09.03"]
[Round "4"]
[White "Freitac"]
[Black "check-man"]
[Result "0-1"]
[WhiteElo "1891"]
[BlackElo "1791"]
[Opening "QGD: Tarrasch, Prague variation, 9.Bg5"]
[ECO "E06"]
[Time "14:01:17"]
[TimeControl "2700+45"]

1. d4 Nf6 2. c4 e6 3. g3 d5 4. Nf3 Be7 5. Bg2 O-O 6. O-O c5 7. cxd5 exd5 8. Nc3
Nc6 9. Bg5 c4 10. b3 Qa5 11. Bd2 Bb4 12. Qc2 Re8 13. bxc4 Ne4 14. Nxe4 dxe4 15.
Ne5 Bxd2 16. Nxc6 bxc6 17. Bxe4 Rb8 18. Bxc6 Rxe2 19. Rad1 Bf5 20. Qa4 Qxa4 21.
Bxa4 Bh3 22. d5 Rb2 23. Rb1 Be3 24. Rxb2 Bxf2+ 25. Kh1 Rxb2 26. Rc1 Be3 {White
resigns} 0-1

[Event "Team 45 45 League T50"]
[Site "Internet Chess Club"]
[Date "2011.09.05"]
[Round "4"]
[White "Goli"]
[Black "Sir-Sinister"]
[Result "1/2-1/2"]
[WhiteElo "1817"]
[BlackElo "1821"]
[Opening "KP: Nimzovich defense"]
[ECO "B00"]
[Time "17:00:12"]
[TimeControl "2700+45"]

1. e4 Nc6 2. d4 e5 3. d5 Nce7 4. Nf3 Ng6 5. c4 Bc5 6. Nc3 Nf6 7. Bd3 O-O 8. O-O
a5 9. h3 Qe7 10. Be3 d6 11. Bxc5 dxc5 12. Ne2 Nh5 13. Kh2 Nhf4 14. Nxf4 Nxf4 15.
Ng1 Ra6 16. Ne2 Qg5 17. Nxf4 Qxf4+ 18. g3 Qh6 19. Rh1 Qxh3+ 20. Kg1 Qg4 21. Be2
Qg6 22. Bh5 Qxe4 {Game drawn by mutual agreement} 1/2-1/2

[Event "Team 45 45 League T50"]
[Site "Internet Chess Club"]
[Date "2011.09.02"]
[Round "4"]
[White "Ptzz"]
[Black "MikeA"]
[Result "1/2-1/2"]
[WhiteElo "2101"]
[BlackElo "2224"]
[Opening "King's Indian: 6.Be2"]
[ECO "E91"]
[Time "14:30:07"]
[TimeControl "2700+45"]

1. c4 Nf6 2. d4 g6 3. Nc3 Bg7 4. e4 d6 5. Be2 O-O 6. Nf3 c5 7. O-O cxd4 8. Nxd4
Nc6 9. Be3 Bd7 10. f3 Re8 11. Rc1 Nxd4 12. Bxd4 Qa5 13. Qd2 Rac8 14. Rfd1 a6 15.
b3 h5 16. Nd5 Qxd2 17. Rxd2 Bh6 18. Be3 Bxe3+ 19. Nxe3 Kg7 20. Re1 a5 21. a4 Be6
22. Bd1 Rh8 23. Nd5 Bxd5 24. exd5 Rc7 25. Rde2 Re8 26. Bc2 Kh6 27. Kf2 Kg7 28.
g3 Kf8 29. h3 Rec8 30. Bb1 b6 31. f4 Re8 32. Kf3 Nd7 33. g4 hxg4+ 34. hxg4 Nc5
35. Bc2 e6 36. Rh2 Kg7 37. Reh1 exd5 38. cxd5 Kf6 39. g5+ Ke7 40. Re1+ Kd8 41.
Rxe8+ Kxe8 42. Re2+ Re7 43. Rxe7+ Kxe7 44. Kg4 f5+ 45. Kf3 Kd7 46. Ke3 Ke7 47.
Kd4 Kd7 48. Kc3 Ke7 49. b4 axb4+ 50. Kxb4 Kd7 51. Kb5 Kc7 52. Kc4 Kb7 53. Kb5
Kc7 54. Kc4 {Game drawn by mutual agreement} 1/2-1/2

[Event "Team 45 45 League T50"]
[Site "Internet Chess Club"]
[Date "2011.09.05"]
[Round "4"]
[White "Kueh"]
[Black "Jack-ONeill"]
[Result "0-1"]
[WhiteElo "1986"]
[BlackElo "2033"]
[Opening "Ruy Lopez: classical defense, Benelux variation"]
[ECO "C64"]
[Time "11:23:24"]
[TimeControl "2700+45"]

1. e4 e5 2. Nf3 Nc6 3. Bb5 Bc5 4. O-O Nf6 5. c3 O-O 6. d4 Bb6 7. Bg5 d6 8. Bxc6
bxc6 9. dxe5 dxe5 10. Qxd8 Rxd8 11. Nxe5 Ba6 12. Na3 Bxf1 13. Kxf1 Re8 14. Bxf6
gxf6 15. Nd7 Kg7 16. f3 Rad8 17. Nxb6 axb6 18. Nc4 f5 19. e5 b5 20. Na5 Re6 21.
b4 Rd5 22. f4 f6 23. exf6+ Kxf6 24. Nb3 Re3 25. Rc1 Rdd3 26. c4 Rc3 27. Rxc3
Rxc3 28. cxb5 cxb5 29. Nd4 c6 30. Ke2 Rc4 31. Ke3 Rxb4 32. Nxc6 Rb2 33. Nd4 b4
34. Nc6 Ke6 35. Nd4+ Kd5 36. Nxf5 Rxa2 37. Kd3 Rf2 38. Ne3+ Kc5 39. f5 b3 40.
Kc3 {White resigns} 0-1

[Event "Team 45 45 League T50"]
[Site "Internet Chess Club"]
[Date "2011.09.04"]
[Round "4"]
[White "Despair"]
[Black "primerpaso"]
[Result "0-1"]
[WhiteElo "1955"]
[BlackElo "1892"]
[Opening "Grob's attack"]
[ECO "A00"]
[Time "22:04:39"]
[TimeControl "2700+45"]

1. g4 e5 2. Bg2 d5 3. e4 d4 4. c3 c5 5. cxd4 cxd4 6. d3 Nc6 7. h3 Be6 8. b3 Rc8
9. Bb2 Nb4 10. Na3 Qa5 11. Kf1 Nxd3 12. Qxd3 Bxa3 13. Bxa3 Qxa3 14. Qb5+ Kf8 15.
Bf3 Qa6 16. Qxa6 bxa6 17. Be2 a5 18. Nf3 f6 19. Kg2 Rc2 20. Bd3 Rc3 21. Rhd1 Ke7
22. Rac1 Rxc1 23. Rxc1 Kd6 24. Nd2 Ne7 25. Nc4+ Bxc4 26. Bxc4 Rc8 27. a4 Rc5 28.
f3 Ng6 29. Kf2 Nf4 30. Rh1 Rc7 31. h4 Kc5 32. Rc1 Kb4 33. Rd1 Kc3 34. Rc1+ Kd2
35. Rh1 Nd3+ 36. Kg3 Nb2 37. Rh2+ Kc3 38. Bd5 d3 39. Bc4 Nxc4 40. bxc4 Rxc4 41.
Kf2 Rxa4 42. Rh1 Ra2+ 43. Ke3 Re2# {White checkmated} 0-1

[Event "Team 45 45 League T50"]
[Site "Internet Chess Club"]
[Date "2011.09.05"]
[Round "4"]
[White "CaoCao"]
[Black "cityprosecutor"]
[Result "1-0"]
[WhiteElo "1904"]
[BlackElo "1697"]
[Opening "Sicilian: dragon, Yugoslav attack, 9...Bd7"]
[ECO "B77"]
[Time "22:10:38"]
[TimeControl "2700+45"]

1. e4 c5 2. Nf3 d6 3. d4 cxd4 4. Nxd4 Nf6 5. Nc3 g6 6. Be3 Bg7 7. f3 Nc6 8. Qd2
O-O 9. Bc4 Bd7 10. Bb3 Rc8 11. O-O-O Ne5 12. h4 h5 13. Kb1 Nc4 14. Bxc4 Rxc4 15.
Nde2 Kh7 16. g4 b5 17. gxh5 Nxh5 18. Nd5 e5 19. b3 Rc8 20. Rdg1 Be6 21. Ng3 Bxd5
22. Nxh5 Bxe4 23. fxe4 gxh5 24. Qe2 Qc7 25. Qxh5+ Kg8 26. Rxg7+ {Black resigns}
1-0

[Event "Team 45 45 League T50"]
[Site "Internet Chess Club"]
[Date "2011.09.02"]
[Round "4"]
[White "DreamCatcher13"]
[Black "charles-allen"]
[Result "1-0"]
[WhiteElo "1995"]
[BlackElo "1893"]
[Opening "Petrov: Nimzovich attack"]
[ECO "C42"]
[Time "21:53:29"]
[TimeControl "2700+45"]

1. e4 e5 2. Nf3 Nf6 3. Nxe5 d6 4. Nf3 Nxe4 5. Nc3 Nxc3 6. dxc3 Be7 7. Be3 Nc6 8.
Qd2 Be6 9. O-O-O O-O 10. Kb1 Ne5 11. h4 Bf6 12. h5 Qe7 13. Ng5 Bxg5 14. Bxg5 f6
15. Bf4 Qf7 16. Ka1 Bxa2 17. b3 Bxb3 18. cxb3 Qxb3 19. Qd5+ Qxd5 20. Rxd5 Rfe8
21. Bxe5 Rxe5 22. Rxe5 dxe5 23. Bc4+ Kf8 24. Bd5 c6 25. Be4 h6 26. Rb1 b6 27.
Rd1 Ke7 28. Bxc6 Rd8 29. Rxd8 Kxd8 30. Kb2 Kc7 31. Be4 Kd6 32. Kb3 Kc5 33. g4 a5
34. f3 b5 35. Bd3 b4 36. cxb4+ axb4 37. Be2 Kd4 38. Kxb4 Ke3 39. Bd1 e4 40. fxe4
Kxe4 41. Bc2+ Kd5 42. Kb5 Kd6 43. Bf5 Kd5 44. Kb6 Kd6 45. Kb7 Ke7 46. Kc7 Kf7
47. Kd7 Kf8 48. Bg6 Kg8 49. Ke8 Kh8 50. Kf7 f5 51. Bxf5 g6 52. hxg6 h5 53. g7#
{Black checkmated} 1-0

[Event "Team 45 45 League T50"]
[Site "Internet Chess Club"]
[Date "2011.09.02"]
[Round "4"]
[White "flyingpawns"]
[Black "GeorgeCostanza"]
[Result "0-1"]
[WhiteElo "1741"]
[BlackElo "1803"]
[Opening "QGD Slav: 4.Nc3"]
[ECO "D15"]
[Time "20:01:01"]
[TimeControl "2700+45"]

1. d4 d5 2. c4 c6 3. Nc3 Nf6 4. Nf3 Bf5 5. e3 e6 6. Bd3 dxc4 7. Bxc4 Nbd7 8. O-O
Be7 9. b3 O-O 10. Bb2 a6 11. Bd3 Bxd3 12. Qxd3 c5 13. Rfd1 cxd4 14. exd4 Nb6 15.
Ne4 Nbd5 16. a3 Qb8 17. Ng3 Rd8 18. b4 b5 19. Rac1 Nf4 20. Qd2 N6d5 21. Ne4 Nb6
22. Nc5 Nc4 23. Qc2 Qb6 24. Nd2 Ne2+ 25. Kh1 Nxb2 26. Qxb2 Nxc1 27. Rxc1 Bf6 28.
Nf3 g6 29. h3 Rd5 30. Rd1 Rad8 31. Ne4 Bg7 32. Kh2 e5 33. Qc3 exd4 34. Qd3 Qc7+
35. g3 Qc6 36. Kg2 Rc8 37. Nc5 Bf8 38. Ne4 Bg7 39. Nc5 a5 40. Kg1 axb4 41. axb4
Ra8 42. Qb3 Rxc5 43. bxc5 Qxc5 44. Rd3 b4 45. Qd1 Ra3 46. Ne1 Qb5 47. Qb1 Rxd3
48. Nxd3 b3 49. Kg2 Qd5+ 50. Kg1 Qc4 51. Nb2 Qc2 52. Qxc2 bxc2 53. Nd3 Bf8 54.
Kf1 Ba3 55. Ke2 c1=Q 56. Nxc1 Bxc1 57. Kd3 Bb2 58. f4 f5 59. h4 h5 60. Kc2 Bc3
61. Kd1 Kf7 62. Ke2 Ke6 63. Kd1 Kd5 64. Ke2 Ke4 65. Kf2 d3 66. Kg2 d2 67. Kh2
d1=Q {White resigns} 0-1

[Event "Team 45 45 League T50"]
[Site "Internet Chess Club"]
[Date "2011.09.02"]
[Round "4"]
[White "toukon"]
[Black "j65536d"]
[Result "1-0"]
[WhiteElo "1731"]
[BlackElo "1796"]
[Opening "King's Indian: Andersson variation"]
[ECO "E92"]
[Time "21:00:25"]
[TimeControl "2700+45"]

1. d4 Nf6 2. c4 g6 3. Nc3 Bg7 4. e4 d6 5. Nf3 O-O 6. Be2 e5 7. dxe5 dxe5 8. Qxd8
Rxd8 9. Bg5 h6 10. Bxf6 Bxf6 11. Nd5 Rxd5 12. cxd5 c6 13. Bc4 Bd7 14. O-O c5 15.
Rab1 b5 16. Be2 a5 17. Rfc1 Na6 18. b3 Bg7 19. a4 bxa4 20. Bxa6 Rxa6 21. Rxc5
axb3 22. Rxb3 a4 23. Rb1 Kf8 24. Nd2 f5 25. f3 Bf6 26. Rb8+ Ke7 27. Rc7 Kd6 28.
Rbb7 Bb5 29. Ra7 Bg5 30. Rd7+ Kc5 31. Rxa6 Be3+ 32. Kh1 Bxa6 33. Nb1 fxe4 34.
fxe4 Kb4 35. Rc7 a3 36. Nxa3 Kxa3 37. Rc6 Bd3 38. Rc3+ {Black resigns} 1-0

[Event "Team 45 45 League T50"]
[Site "Internet Chess Club"]
[Date "2011.09.01"]
[Round "4"]
[White "BraafPaard"]
[Black "Packerfan"]
[Result "1-0"]
[WhiteElo "1596"]
[BlackElo "1779"]
[Opening "Ruy Lopez: Schliemann defense, Berger variation"]
[ECO "C63"]
[Time "09:02:12"]
[TimeControl "2700+45"]

1. e4 e5 2. Nf3 Nc6 3. Bb5 f5 4. Nc3 fxe4 5. Nxe4 d5 6. Nxe5 dxe4 7. Nxc6 Qg5 8.
Qe2 Nf6 9. f4 Qxf4 10. Nxa7+ Bd7 11. Bxd7+ Nxd7 12. d4 Qh4+ 13. g3 Qe7 14. Nb5
O-O-O 15. Bf4 Nf6 16. Bxc7 Rd5 17. Qc4 Qb4+ 18. Qxb4 Bxb4+ 19. c3 Be7 20. c4
Rxb5 21. cxb5 Kxc7 22. Rc1+ Kd7 23. Ke2 Rc8 24. a4 Rxc1 25. Rxc1 Nd5 26. a5 Bd8
27. b6 Be7 28. a6 bxa6 29. b7 Bd6 30. Rc5 Ne7 31. Ra5 Nc6 32. Rxa6 Nxd4+ 33. Ke3
Nc6 34. Kxe4 Kc7 35. b8=Q+ Nxb8 36. Ra7+ Kc6 37. Rxg7 h6 38. Rh7 Bf8 39. Rh8 Nd7
40. b3 Bg7 41. Ra8 Nc5+ 42. Kf5 Nxb3 43. Kg6 Be5 44. Kxh6 Nd4 45. Ra3 Kd5 46.
Kg6 Ke4 47. h3 Ne2 48. g4 Kf4 49. g5 Ng1 50. h4 Nf3 51. Rxf3+ Kxf3 52. Kf5 Bc3
53. h5 Kg3 54. h6 Kh4 55. g6 Kh5 56. g7 {Black resigns} 1-0

[Event "Team 45 45 League T50"]
[Site "Internet Chess Club"]
[Date "2011.09.05"]
[Round "4"]
[White "Wheels"]
[Black "fledermaus"]
[Result "1-0"]
[WhiteElo "1819"]
[BlackElo "1932"]
[Opening "Sicilian: closed"]
[ECO "B23"]
[Time "12:02:16"]
[TimeControl "2700+45"]

1. e4 c5 2. Nc3 e6 3. f4 d5 4. exd5 exd5 5. Nf3 Nf6 6. Bb5+ Nc6 7. O-O Be7 8. d4
O-O 9. Be3 Ng4 10. Re1 Nxe3 11. Rxe3 cxd4 12. Nxd4 Bc5 13. Bxc6 bxc6 14. Na4 Bd6
15. Nxc6 Qd7 16. Rc3 Bxf4 17. Qxd5 Qxd5 18. Ne7+ Kh8 19. Nxd5 Be5 20. Rd3 Rb8
21. c3 Bd7 22. Nc5 Bc6 23. Nb4 Bb5 24. Rd5 Bf6 25. Nd7 Bxd7 26. Rxd7 a5 27. Nd3
Rfe8 28. Kf2 Rb5 29. Re1 Rf5+ 30. Kg1 Rxe1+ 31. Nxe1 g6 32. Nf3 Kg7 33. Rd2 Rb5
34. Kf2 Be7 35. b3 f5 36. Nd4 Rb6 37. Ke2 Kf6 38. Kd3 Bd6 39. h3 Bc7 40. c4 Bf4
41. Rc2 a4 42. c5 Rb8 43. c6 axb3 44. axb3 Be5 45. Rc4 Ke7 46. b4 Kd6 47. c7 Rc8
48. Nc6 Bg3 49. Na7 Rxc7 50. Nb5+ Kd7 51. Nxc7 Bxc7 52. Kd4 Bh2 53. b5 g5 54.
Kd5 {Black resigns} 1-0